 Dungeon Crawl Stone Soup version 0.17-a0-1164-g0ba867e (console) character file.

114 hyperkellhus the Skirmisher (level 4, -5/44 HPs)
             Began as a Hill Orc Hunter on May 28, 2015.
             Killed by divine providence
             ... invoked by an orc priest
              (14 damage)
             ... on level 3 of the Dungeon.
             The game lasted 00:05:10 (1879 turns).

hyperkellhus the Skirmisher (Hill Orc Hunter)       Turns: 1879, Time: 00:05:10

Health: -5/44      AC:  3    Str: 14    XL:     4   Next: 98%
Magic:  4/4        EV: 11    Int: 11    God:
Gold:   61         SH:  0    Dex: 12    Spells: 0 memorised, 3 levels left

rFire  . . .     SeeInvis .     a - +0 spear
rCold  . . .     Clarity  .     d - +0 leather armour
rNeg   . . .     SustAt   .     (no shield)
rPois  .         Gourm    .     (no helmet)
rElec  .         Spirit   .     (no cloak)
rCorr  .         Warding  .     (no gloves)
rMut   .         Stasis   .     (no boots)
MR     .....                    (no amulet)
Stlth  +.........               (no ring)
                                (no ring)

@: very slightly contaminated, hasted, very quick, not resistant to hostile
enchantments, very unstealthy
A: deterioration 2, wild magic 1
a: Convert to Beogh


You were on level 3 of the Dungeon.
You were not hungry.

You visited 1 branch of the dungeon, and saw 3 of its levels.

You collected 61 gold pieces.

Inventory:

Hand weapons
 a - a +0 spear (weapon)
 m - a +0 short sword
Missiles
 c - a throwing net (quivered)
Armour
 d - a +0 leather armour (worn)
Scrolls
 g - a scroll of teleportation {unknown}
 j - 2 scrolls of random uselessness {unknown}
 n - a scroll of identify {unknown}
Comestibles
 e - a bread ration
 f - 4 chunks of flesh
 h - a slice of pizza
 i - 4 meat rations


   Skills:
 + Level 6.0 Fighting
 - Level 4.0 Throwing
 - Level 1.5 Dodging
 - Level 0.7 Stealth


You had 3 spell levels left.
You didn't know any spells.

Dungeon Overview and Level Annotations

Branches:
Dungeon (3/15)

Altars:
Nemelex Xobeh


Innate Abilities, Weirdness & Mutations

Your body often deteriorates upon taking damage.
Your spells are a little harder to cast, but a little more powerful.


Message History

Press: ? - help, Shift-Dir - straight line, f/p - orc priest
Aim: an orc priest, wielding a mace of protection (heavily wounded)
You throw a throwing net. The throwing net hits the orc priest.
The orc priest is caught in the net!
The orc priest shouts, "Beogh is our master!
Accept the truth or die!"
The orc priest is heavily wounded.
The orc misses you.
The orc priest threatens, "By the altar or by the axe, you will meet Beogh!"
The helpless orc priest fails to defend itself.
You hit the orc priest.
The orc priest is severely wounded.
The orc priest struggles to escape the net.
The orc hits you with a club.
* * * LOW HITPOINT WARNING * * *
The orc priest threatens, "By the altar or by the axe, you will meet Beogh!"
You hit the orc priest.
The orc priest is almost dead.
The orc priest invokes the aid of Beogh against you.
Something smites you!
You die...

######## #
.).. ..#####
..
...#.#>..##.#
#.#........#
#........#
###o@....#
#..o#...##
#...#####
..(..().###
...(.#.##
(.## #. #. ..
..


You could see an orc priest (caught) and an orc.

Vanquished Creatures
  An orc priest (D:3)
  An adder (D:2)
  An ooze (D:2)
  2 worms (D:2)
  2 giant geckos (D:1)
  An orc (D:2)
  A ball python (D:2)
  5 giant cockroaches
  8 goblins
  6 hobgoblins
  5 jackals
  11 bats
  3 giant newts
  7 kobolds
  3 rats (D:2)
57 creatures vanquished.

Notes
Turn   | Place    | Note
--------------------------------------------------------------
     0 | D:1      | hyperkellhus the Hill Orc Hunter began the quest for the Orb.
     0 | D:1      | Reached XP level 1. HP: 18/18 MP: 1/1
     0 | D:1      | Upgraded the game from 0.17-a0-1150-g17b0b87 to 0.17-a0-1164-g0ba867e
   362 | D:1      | Reached XP level 2. HP: 19/26 MP: 2/2
   670 | D:1      | Reached XP level 3. HP: 33/33 MP: 3/3
  1230 | D:2      | Reached skill level 5 in Fighting
  1230 | D:2      | Reached XP level 4. HP: 28/42 MP: 4/4
  1712 | D:2      | Found a sparkling altar of Nemelex Xobeh.
  1824 | D:3      | Noticed an ogre
  1861 | D:3      | Reached skill level 6 in Fighting
  1875 | D:3      | Gained mutation: Your body sometimes deteriorates upon taking damage. [potion of mutation]
  1875 | D:3      | Gained mutation: Your body often deteriorates upon taking damage. [potion of mutation]
  1875 | D:3      | Gained mutation: Your spells are a little harder to cast, but a little more powerful. [potion of mutation]
  1879 | D:3      | Killed from afar by an orc priest

Vault maps used:
D:1:      lemuel_arrival_hallway, hangedman_decor_clover_reticule, st_stairs_13
D:2:      nemelex_dance_club_becter
D:3:      lemuel_round_altar, first_bread

Action                   |  1- 3 |  4- 6 || total
-------------------------+-------+-------++-------
Melee: Short sword       |    98 |     4 ||   102
       Spear             |       |   105 ||   105
Throw: Javelin           |    35 |    13 ||    48
       Throwing net      |       |     1 ||     1
  Use: Potion            |       |     2 ||     2
 Stab: Held in net/web   |       |     1 ||     1
  Eat: Chunk             |     1 |     2 ||     3
